 Dungeon Crawl Stone Soup version 0.29-a0-330-g52719c12eb (webtiles) character file.

Game seed: 1159717335577529978

72482 Aelig the Cleaver (level 15, -2/122 HPs)
             Began as a Mummy Fighter on May 15, 2022.
             Was a Believer of Ashenzari.
             Slain by an ogre mage
             ... wielding a +0 spear
              (14 damage)
             ... while paralysed by an ogre mage
             ... on level 2 of the Orcish Mines.
             The game lasted 01:23:25 (32218 turns).

Aelig the Cleaver (Mummy Fighter)                  Turns: 32218, Time: 01:23:26

Health: -2/122     AC: 27    Str: 29    XL:     15   Next: 1%
Magic:  0/15       EV:  2    Int:  8    God:    Ashenzari [**....]
Gold:   2016       SH:  0    Dex: 13    Spells: 14/14 levels left

rFire   + . .      SeeInvis +   F - +5 broad axe (flame)
rCold   . . .      Faith    .   c - +0 buckler of the Chained Oracle {Fort, Alch} (curse)
rNeg    + + +      Spirit   +   v - +3 plate armour {rF+}
rPois   ∞          Reflect  .   d - +0 helmet "Shackled Servitude" {Fort, Melee} (curse)
rElec   .          Harm     .   f - +0 cloak "Clairvoyant Polytheism" {Melee, Bglg} (curse)
rCorr   +          Rampage  +   a - +1 pair of gloves "Irritation of Ashenzari" {infuse, Self, Melee} (curse)
Will    +....                   M - +2 pair of boots {rampage}
Stlth   ..........              p - amulet of guardian spirit
HPRegen 0.30/turn               e - ring of fire
MPRegen 0.14/turn               G - ring of the Final Decision {rCorr Str+4 SInv}

@: paralysed, studying Shields
A: cold resistance 1, negative energy resistance 3, torment resistance 2, heat
vulnerability 1, in touch with death 2, no potions
a: Renounce Religion, Curse Item, Shatter the Chains


You were on level 2 of the Orcish Mines.
You worshipped Ashenzari.
Ashenzari was pleased with you.
You visited 4 branches of the dungeon, and saw 21 of its levels.
You also visited: Ice Cave and Volcano.

You collected 2294 gold pieces.
You spent 278 gold pieces at shops.

Inventory:

Hand Weapons
 s - a +5 flail of freezing
 F - a +5 broad axe of flaming (weapon)
Missiles
 j - 618 stones (quivered)
 C - 8 silver javelins
Armour
 a - the cursed +1 pair of gloves "Irritation of Ashenzari" (worn) {infuse, Self, Melee}
   (You bought it in a shop on level 1 of the Dungeon)

   It has a curse which improves the following skills: Introspection: Fighting
   and Spellcasting.
   Melee Combat: Short Blades, Long Blades, Axes, Maces & Flails, Polearms,
   Staves and Unarmed Combat.
 c - the cursed +0 buckler of the Chained Oracle (worn) {Fort, Alch}

   It has a curse which improves the following skills: Fortitude: Armour and
   Shields.
   Alchemy:   Poison Magic and Transmutations.
 d - the cursed +0 helmet "Shackled Servitude" (worn) {Fort, Melee}
   (You found it on level 1 of the Dungeon)

   It has a curse which improves the following skills: Fortitude: Armour and
   Shields.
   Melee Combat: Short Blades, Long Blades, Axes, Maces & Flails, Polearms,
   Staves and Unarmed Combat.
 f - the cursed +0 cloak "Clairvoyant Polytheism" (worn) {Melee, Bglg}
   (You found it on level 6 of the Lair of Beasts)

   It has a curse which improves the following skills: Melee Combat: Short
   Blades, Long Blades, Axes, Maces & Flails, Polearms, Staves and Unarmed
   Combat.
   Beguiling: Conjurations, Hexes and Translocations.
 v - a +3 plate armour of fire resistance (worn)
 w - a +0 cloak
 D - a +0 tower shield
 H - a +2 pair of boots
 M - a +2 pair of boots of rampaging (worn)
Jewellery
 e - a ring of fire (left hand)
 i - a ring of ice
 o - a +4 ring of slaying
 p - an amulet of guardian spirit (around neck)
 z - a ring of protection from cold
 G - the ring of the Final Decision (right hand) {rCorr Str+4 SInv}
   (You found it on level 6 of the Lair of Beasts)

   [ring of resist corrosion]

   Str:       It affects your strength (+4).
   SInv:      It lets you see invisible.
   rCorr:     It protects you from acid and corrosion.
Wands
 g - a wand of flame (18)
 r - a wand of charming (12)
 t - a wand of paralysis (19)
 y - a wand of iceblast (35)
 E - a wand of polymorph (23)
 L - a wand of digging (12)
Scrolls
 b - 3 scrolls of vulnerability
 h - 11 scrolls of teleportation
 k - 4 scrolls of fog
 l - 2 scrolls of amnesia
 m - a scroll of brand weapon
 n - 5 scrolls of blinking
 q - 5 scrolls of magic mapping
 u - 7 scrolls of immolation
 x - a scroll of holy word
 B - 5 scrolls of fear
 K - a scroll of silence
Miscellaneous
 I - a condenser vane


   Skills:
 + Level 11.7(12.9) Fighting
 - Level 14.1(18.0) Axes
 - Level 12.1(16.8) Maces & Flails
 + Level 9.5(11.4) Armour
 + Level 10.2(12.1) Shields


You had 14 spell levels left.
You didn't know any spells.
Your spell library contained the following spells:

 Spells                   Type           Power      Damage    Failure   Level
 Magic Dart               Conj           0%         1d3       98%         1
 Sandblast                Erth           0%         2d4       98%         1
 Summon Small Mammal      Summ           0%         N/A       98%         1
 Call Imp                 Summ           0%         N/A       99%         2
 Ensorcelled Hibernation  Hex/Ice        0%         N/A       99%         2
 Passwall                 Tmut/Erth      0%         N/A       99%         2
 Call Canine Familiar     Summ           0%         N/A       100%        3
 Frozen Ramparts          Ice            0%         1d2       100%        3
 Ignite Poison            Fire/Tmut/Pois 0%         N/A       100%        3
 Inner Flame              Hex/Fire       0%         N/A       100%        3
 Mephitic Cloud           Conj/Pois/Air  0%         N/A       100%        3
 Portal Projectile        Hex/Tloc       0%         N/A       100%        3
 Stone Arrow              Conj/Erth      0%         3d7       100%        3
 Swiftness                Air            0%         N/A       100%        3
 Tukima's Dance           Hex            0%         N/A       100%        3
 Anguish                  Hex/Necr       0%         N/A       100%        4
 Animate Armour           Summ/Erth      0%         N/A       100%        4
 Cause Fear               Hex            0%         N/A       100%        4
 Leda's Liquefaction      Hex/Erth       0%         N/A       100%        4
 Petrify                  Tmut/Erth      0%         N/A       100%        4
 Summon Ice Beast         Ice/Summ       0%         N/A       100%        4
 Freezing Cloud           Conj/Ice/Air   0%         6-21      100%        5
 Irradiate                Conj/Tmut      0%         3d13      100%        5
 Yara's Violent Unravell  Hex/Tmut       0%         3d3       100%        5
 Enfeeble                 Hex            0%         N/A       100%        7
 Haunt                    Necr/Summ      0%         N/A       100%        7
 Discord                  Hex            0%         N/A       100%        8
 Lehudib's Crystal Spear  Conj/Erth      0%         10d2      100%        8
 Sublimation of Blood     Necr           Unusable   N/A       N/A         2
 Spider Form              Tmut/Pois      Unusable   N/A       N/A         3
 Ice Form                 Ice/Tmut       Unusable   N/A       N/A         4

Dungeon Overview and Level Annotations

Branches:
Dungeon (12/15)            Temple (1/1) D:6            Lair (6/6) D:9
 Shoals (0/4) Lair:3       Spider (0/4) Lair:4        Slime (0/5) Lair:6
    Orc (2/2) D:11            Elf (0/3) Orc:2         IceCv (visited)
Volcano (visited)

Altars:
Ashenzari
Dithmenos
Elyvilon
Fedhas
Gozag
Hepliaklqana
Kikubaaqudgha
Makhleb
Nemelex Xobeh
Okawaru
Qazlal
Ru
Sif Muna
Trog
Uskayaw
Vehumet
Xom
Yredelemnul
Zin
The Shining One
Beogh

Shops:
D:1 [:   D:7 *   D:8 *   D:10 *   Orc:2 *!

Annotations:
D:7 3 runed translucent doors, p0werm0de's ghost, novice VSFi
D:9 3 runed translucent doors, exclusion: orange crystal statue
Lair:5 1 runed translucent door, Ithig's ghost, journeyman OpTm


Innate Abilities, Weirdness & Mutations

You are immune to poison.
Your flesh is cold resistant. (rC+)
You are immune to negative energy. (rN+++)
You are immune to unholy pain and torment.
You are vulnerable to heat. (rF-)
You are strongly in touch with the powers of death.
You do not drink.


Message History

The orc wizard casts a spell.
The orc wizard flickers and vanishes for a moment.
An orc priest comes into view. It is wielding a +0 hand axe.
The two-headed ogre completely misses you.
You block the two-headed ogre's attack.
The ogre mage points at you and mumbles some strange words.
You suddenly lose the ability to move!
A two-headed ogre comes into view.
It is wielding a +0 giant spiked club and a +0 dire flail.
The two-headed ogre shouts in stereo!
You hear a shout! x3; You hear two shouts!
An ogre comes into view. It is wielding a +0 giant club.
The two-headed ogre hits you but does no damage.
The two-headed ogre barely misses you.
A two-headed ogre comes into view.
It is wielding a +0 giant club and a +0 giant spiked club.
The ogre mage gestures wildly while chanting.
The ogre mage flickers and vanishes for a moment.
The ogre mage hits you but does no damage.
An ogre comes into view. It is wielding a +0 giant club.
The two-headed ogre hits you with a +0 giant club!!
The two-headed ogre completely misses you.
An ogre comes into view. It is wielding a +0 giant spiked club.
The ogre mage hits you but does no damage.
The two-headed ogre hits you with a +0 giant spiked club.
The two-headed ogre barely misses you.
The orc priest looks encouraged for a moment.
The two-headed ogre hits you with a +0 giant club!!
The two-headed ogre hits you but does no damage.
The ogre mage points at the two-headed ogre and mumbles some strange words.
The two-headed ogre seems to speed up.
You hear a shout!
You hear two shouts!
You hear a shout!
The two-headed ogre hits you with a +0 giant spiked club!!
* * * LOW HITPOINT WARNING * * *
The two-headed ogre hits you with a +0 giant club!
* * * LOW HITPOINT WARNING * * *
The two-headed ogre hits you but does no damage.
The two-headed ogre hits you with a +0 giant spiked club!
* * * LOW HITPOINT WARNING * * *
The ogre mage hits you with a +0 spear!
You die...

.......................
, ,
...#.#....#.............
* ,
.######......)..........
, ##
,#.....).)...#...... , ,
, #
#...........).........
,,
##.#.......)..........
#.....................,
, ##.#..................
, ##..........O@OO.....,
...........OOOo..... ,,,
.#.................
...########OO##### , ..#
* ,


Ooo * , , OOo.,, , * # ,* , ,, ..... , ## , ∩∩.... , .# , ,* You could see 6
two-headed ogres, 2 ogre magi, an orc warrior, 3 ogres, an orc wizard and 2
orcs.

Vanquished Creatures
  2 dire elephants
  A minotaur (Lair:2)
  Erolcha (D:9)
  3 hydras
  A merfolk avatar (Lair:6)
  An ogre mage (Orc:2)
  2 two-headed ogres
  An anaconda (Lair:6)
  11 death yaks
  Sonja (D:10)
  A deep elf pyromancer (D:12)
  Pikel (D:7)
  A harpy (Lair:6)
  An ugly thing (IceCv)
  An orc knight (Orc:1)
  An oklob plant (Lair:6)
  A manticore (D:11)
  Maurice (Orc:1)
  A cyclops (Orc:2)
  21 elephants
  4 black mambas
  Maggie (Lair:1)
  17 cane toads
  6 rime drakes
  2 torpor snails
  14 komodo dragons
  6 kobold demonologists
  6 trolls
  A tyrant leech (Lair:2)
  3 hornets
  A wind drake (Lair:6)
  6 slime creatures (D:12)
  11 blink frogs
  10 dream sheep
  A jumping spider (Lair:4)
  9 wyverns
  60 yaks
  A spriggan (Lair:4)
  A vampire (D:8)
  2 wraiths
  5 steam dragons
  7 basilisks
  A redback (Lair:4)
  Grum (D:11)
  8 vampire mosquitoes (D:11)
  2 swamp worms (Lair:2)
  6 wargs
  2 harpy simulacra (IceCv)
  12 water moccasins
  Duvessa (D:7)
  14 orc warriors
  2 ice beasts
  13 ogres
  A sky beast (D:5)
  5 black bears
  16 wolves
  A lemure (D:6)
  5 phantoms
  7 centaurs
  5 kobold brigands
  3 gnoll sergeants
  3 scorpions (Orc:1)
  2 cane toad simulacra (IceCv)
  A necrophage (D:7)
  14 bullfrogs
  6 wights
  Dowan (D:7)
  16 killer bees
  2 troll zombies (D:11)
  An elephant simulacrum (IceCv)
  5 howler monkeys
  An electric eel (D:9)
  A jelly (D:7)
  A gnoll shaman (D:7)
  2 hounds
  19 orc priests
  5 iguanas
  29 orc wizards
  4 hell rats (Lair:6)
  6 ogre zombies (D:11)
  31 gnolls
  7 adders
  A shadow imp (D:8)
  A white imp (D:7)
  2 ufetubi
  A worm (D:3)
  7 dart slugs
  67 orcs
  8 endoplasms
  3 giant cockroaches
  20 goblins
  20 hobgoblins
  4 jackals (D:1)
  6 quokkas
  7 ball pythons
  10 bats
  6 frilled lizards
  5 goblin zombies (D:11)
  7 hobgoblin zombies (D:11)
  24 kobolds
  An orc skeleton (D:11)
  12 orc zombies (D:11)
  8 rats
710 creatures vanquished.

Vanquished Creatures (others)
  A bush (Lair:5)
  116 fungi
  141 plants
258 creatures vanquished.

Grand Total: 968 creatures vanquished

Notes
Turn   | Place    | Note
-------+----------+-------------------------------------------
     0 | D:1      | Aelig the Mummy Fighter began the quest for the Orb.
     0 | D:1      | Reached XP level 1. HP: 18/18 MP: 1/1
   102 | D:1      | Found Acsankae's Book Emporium.
   197 | D:1      | Reached XP level 2. HP: 9/24 MP: 2/2
   673 | D:1      | Found Vurib's Antique Armour Shop.
   928 | D:1      | Gained mutation: You are in touch with the powers of death.
                  | [Mummy growth]
   928 | D:1      | Reached XP level 3. HP: 28/29 MP: 3/3
  1747 | D:2      | Found a stormy altar of Qazlal.
  1763 | D:2      | Found a faded altar of an unknown god.
  1983 | D:2      | Reached XP level 4. HP: 35/35 MP: 4/4
  3018 | D:4      | Noticed a black bear
  3023 | D:3      | Reached XP level 5. HP: 22/41 MP: 3/5
  3630 | D:3      | Reached skill level 5 in Maces & Flails
  3913 | D:3      | Reached XP level 6. HP: 22/47 MP: 4/6
  4202 | D:4      | Found a stormy altar of Qazlal.
  4338 | D:4      | Found a blossoming altar of Fedhas.
  4339 | D:4      | Found an ancient bone altar of Kikubaaqudgha.
  4430 | D:4      | Paralysed by an orc wizard for 5 turns
  4431 | D:4      | Reached XP level 7. HP: 48/52 MP: 5/7
  5207 | D:5      | Entered Level 5 of the Dungeon
  5560 | D:5      | Reached XP level 8. HP: 52/58 MP: 6/8
  5827 | D:1      | Bought a pair of runed gloves for 202 gold pieces
  6865 | D:6      | Found a staircase to the Ecumenical Temple.
  6887 | Temple   | Entered the Ecumenical Temple
  6957 | Temple   | Became a worshipper of Ashenzari the Shackled
  7053 | D:6      | Reached skill level 5 in Fighting
  8608 | D:6      | Noticed a red ugly thing
  8989 | D:6      | Reached XP level 9. HP: 68/68 MP: 7/9
  9381 | D:7      | Reached skill level 10 in Maces & Flails
  9758 | D:7      | Found an iron altar of Okawaru.
  9763 | D:7      | Found Ezxoyta's Fire Supplies.
  9777 | D:7      | Found a runed translucent gate.
  9777 | D:7      | Found a runed translucent gate.
  9777 | D:7      | Found a runed translucent gate.
  9798 | D:7      | Noticed a deep elf pyromancer
  9800 | D:7      | Noticed p0werm0de's ghost (novice VSFi)
  9872 | D:7      | Identified the +7 battleaxe of the Growing Spider {flame,
                  | rPois MP+9}
 10380 | D:7      | Noticed Duvessa
 10380 | D:7      | Noticed Dowan
 10391 | D:7      | Killed Duvessa
 10400 | D:7      | Killed Dowan
 10843 | D:7      | Noticed Pikel
 10872 | D:7      | Paralysed by Pikel for 4 turns
 11193 | D:8      | Found Vewnip's General Store.
 11292 | D:8      | Bought a scroll of teleportation for 42 gold pieces
 12098 | D:8      | Noticed a cyclops
 12119 | D:8      | Noticed a kobold demonologist
 12170 | D:8      | Killed a kobold demonologist
 12171 | D:8      | Reached XP level 10. HP: 74/74 MP: 7/10
 12341 | D:10     | Entered Level 10 of the Dungeon
 12538 | D:9      | Found an opulent altar of Gozag.
 12568 | D:9      | Found a runed translucent door.
 12581 | D:9      | Found a runed translucent door.
 12663 | D:9      | Found a staircase to the Lair.
 12764 | D:9      | Found a runed translucent door.
 12793 | D:9      | Noticed an orange crystal statue
 12806 | D:9      | Found a runed translucent door.
 12831 | D:9      | Reached skill level 5 in Shields
 12999 | D:9      | Found a shadowy altar of Dithmenos.
 13029 | D:9      | Reached * piety under Ashenzari
 13029 | D:9      | Identified a scroll of acquirement
 13030 | D:9      | Acquired a manual of Axes
 13129 | D:9      | Noticed a two-headed ogre
 13539 | D:9      | Noticed Erolcha
 13727 | Lair:1   | Entered Level 1 of the Lair of Beasts
 13948 | Lair:1   | Reached XP level 11. HP: 50/86 MP: 0/11
 14275 | Lair:1   | Reached skill level 5 in Armour
 14494 | Lair:1   | Reached ** piety under Ashenzari
 14522 | Lair:1   | Noticed Maggie
 14536 | Lair:1   | Killed Maggie
 14701 | Lair:1   | Reached skill level 1 in Axes
 14789 | Lair:1   | Identified the +6 short sword of the Growing Hawk {pain,
                  | Drain rPois Str+9}
 15110 | Lair:1   | Reached skill level 2 in Axes
 15714 | Lair:2   | Found a dark tunnel.
 15719 | Volcano  | Entered a volcano
 16051 | Lair:2   | Noticed a six-headed hydra
 16067 | Lair:1   | Killed a six-headed hydra
 16068 | Lair:1   | Reached skill level 3 in Axes
 16353 | Lair:2   | Found a runed translucent door.
 16685 | Lair:1   | Reached skill level 4 in Axes
 16685 | Lair:1   | Reached XP level 12. HP: 55/96 MP: 0/12
 17363 | Lair:2   | Noticed a minotaur
 17374 | Lair:2   | Killed a minotaur
 17375 | Lair:2   | Reached skill level 5 in Axes
 17622 | Lair:3   | Noticed a death yak
 17629 | Lair:3   | Noticed a death yak
 17629 | Lair:3   | Noticed a death yak
 17764 | Lair:3   | Reached skill level 6 in Axes
 17931 | Lair:3   | Reached skill level 7 in Axes
 18050 | Lair:3   | Reached skill level 8 in Axes
 18316 | Lair:2   | Killed a death yak
 18363 | Lair:2   | Killed a death yak
 18364 | Lair:2   | Reached skill level 9 in Axes
 18441 | Lair:2   | Killed a death yak
 18602 | Lair:3   | Reached skill level 10 in Axes
 18752 | Lair:3   | Found a staircase to the Shoals.
 19243 | Lair:3   | Reached skill level 11 in Axes
 19504 | Lair:4   | Noticed a death yak
 19504 | Lair:4   | Noticed a death yak
 19515 | Lair:3   | Killed a death yak
 19727 | Lair:4   | Found a hole to the Spider Nest.
 19782 | Lair:4   | Reached skill level 12 in Axes
 19879 | Lair:4   | Killed a death yak
 20005 | Lair:4   | Gained mutation: You are strongly in touch with the powers
                  | of death. [Mummy growth]
 20005 | Lair:4   | Reached XP level 13. HP: 103/103 MP: 5/13
 20362 | Lair:4   | Noticed a dire elephant
 20589 | Lair:4   | Reached skill level 13 in Axes
 21183 | Lair:4   | Paralysed by a spriggan for 6 turns
 21640 | Lair:5   | Found a frozen archway.
 21804 | IceCv    | Entered an ice cave
 22008 | IceCv    | Found a transporter.
 22018 | IceCv    | Found a transporter.
 22284 | Lair:5   | Found a runed translucent door.
 22284 | Lair:5   | Noticed Ithig's ghost (journeyman OpTm)
 22284 | Lair:5   | Found the necklace of Bloodlust {*Rage Will++ Int-3 Slay+6}
 22366 | Lair:5   | Reached skill level 14 in Axes
 22554 | Lair:5   | Killed a dire elephant
 23987 | Lair:6   | Entered Level 6 of the Lair of Beasts
 23993 | Lair:6   | Found a staircase to the Slime Pits.
 24150 | Lair:6   | Reached XP level 14. HP: 99/111 MP: 0/14
 24493 | Lair:6   | Reached skill level 10 in Fighting
 25874 | Lair:6   | Found the +7 captain's cutlass {speed, disarm}
 25880 | Lair:6   | Identified the ring of the Final Decision {rCorr Str+4
                  | SInv}
 26402 | D:9      | Found a shimmering blue altar of Sif Muna.
 26411 | D:9      | Found a hazy altar of Hepliaklqana.
 26464 | D:9      | Reached *** piety under Ashenzari
 26620 | D:9      | Killed Erolcha
 27186 | D:7      | Killed Pikel
 27377 | D:10     | Noticed Sonja
 27494 | D:10     | Killed Sonja
 27514 | D:10     | Acquired a manual of Shields
 27641 | D:10     | Found Medur's Assorted Antiques.
 27650 | D:10     | Bought a scroll labelled PIZUEXOENTI for 34 gold pieces
 27776 | D:10     | Found a sacrificial altar of Ru.
 27837 | D:10     | Found a sparkling altar of Nemelex Xobeh.
 28042 | D:10     | Found a basalt altar of Yredelemnul.
 28654 | D:11     | Found a staircase to the Orcish Mines.
 29159 | D:11     | Noticed Grum
 29169 | D:11     | Killed Grum
 29495 | D:12     | Identified the Tome of Transformation and Companions
 30489 | Orc:1    | Entered Level 1 of the Orcish Mines
 30707 | Orc:2    | Entered Level 2 of the Orcish Mines
 30707 | Orc:2    | Found a staircase to the Elven Halls.
 31121 | Orc:1    | Found a bloodstained altar of Trog.
 31496 | Orc:1    | Noticed Maurice
 31506 | Orc:1    | Reached skill level 10 in Shields
 31547 | Orc:1    | Killed Maurice
 32207 | Orc:2    | Reached XP level 15. HP: 105/122 MP: 1/15
 32213 | Orc:2    | Found Anoan's Assorted Antiques.
 32213 | Orc:2    | Found Eczou's Distillery.
 32214 | Orc:2    | Paralysed by an ogre mage for 4 turns
 32218 | Orc:2    | Slain by an ogre mage

Illustrated notes

Levels and vault maps discovered:
D:1:      scummos_arrival_hexagon, layout_basic, serial_forest,
          infiniplex_forest_straight_1, infiniplex_forest_lined_4_way,
          infiniplex_forest_clump_curved, infiniplex_forest_clump_small,
          infiniplex_forest_end_2, infiniplex_forest_straight_3, serial_shops,
          nicolae_shop_stone, nicolae_shop_crystal, minmay_tall_x
D:2:      minmay_diamond_boxcup, layout_basic,
          shapermc_ecumenical_altar_notcrosses, basic_altar
D:3:      layout_basic
D:4:      layout_rooms, grunt_temple_overflow_growth_and_decay,
          mainiacjoe_overflow_paths, kennysheep_orc_chapel
D:5:      layout_rooms
D:6:      corexii_shantytown, layout_loops_corners, temple_fountains,
          grunt_decor_junction
D:7:      layout_layer_cave, gammafunk_temple_overflow_wave,
          gammafunk_ghost_split, nicolae_shop_fire_sale
          [nicolae_sub_dead_trees], uniq_duvessa, uniq_pikel
D:8:      layout_basic, serial_shops, nicolae_shop_crystal,
          minmay_diamond_spiral
D:9:      wad_river_or_something, layout_irregular_city,
          grunt_gozag_breadcrumbs, nicolae_dithmenos_shadow_blocks,
          nicolae_overflow_crystal_walls, mainiacjoe_overflow_swirl,
          st_stairs_5, minmay_statue_crystal_thing, uniq_erolcha
D:10:     layout_layer_cave, lemuel_tele_altar,
          mainiacjoe_overflow_cross_hatched,
          mainiacjoe_overflow_concentric_impassable, serial_shops, shop,
          uniq_sonja
D:11:     layout_basic, zombieorc2_lemuel, uniq_grum
D:12:     layout_basic
Temple:   compressed_dpeg_triangle_lava_temple
Lair:1:   layout_cave_pods, grunt_megastairs_5, uniq_maggie
Lair:2:   dreamdust_labyrinth, layout_chaotic_city, enter_volcano_4,
          worms_lemuel, infiniplex_staircase_pool
Lair:3:   layout_layer_cave, shoals_dummy_entry
Lair:4:   mu_elephants_graveyard, layout_gridlike, spider_nest_entry_funnel_web,
          lemuel_old_faithful
Lair:5:   layout_loops_ring, portal_ice_cave_rime, gammafunk_ghost_grave,
          grunt_megastairs_3
Lair:6:   gammafunk_lair_ancient_temple, layout_long_grid, slime_dummy, pond
Orc:1:    cheibrodos_orc_guarddog, layout_diamond_mine, trog_butcher_becter,
          uniq_maurice
Orc:2:    st_orc_ogre_mass, layout_diamond_mine, nicolae_orc_lava_room

Skill      XL: |  1  2  3  4  5  6  7  8  9 10 11 12 13 14 |
---------------+-------------------------------------------+-----
Maces & Flails | 2 3 4 5 6 8 9 11 12 | 12.1
Fighting       | 5 7 8 9 11 | 11.7
Shields        | 3 5 6 7 10 | 10.2
Armour         | 4 6 7 9 |  9.5
Axes           | 4 12 14 | 14.1

Action                   |  1- 3 |  4- 6 |  7- 9 | 10-12 | 13-15 || total
-------------------------+-------+-------+-------+-------+-------++-------
Melee: Flail             |   162 |   118 |   336 |   517 |   132 ||  1265
       Broad axe         |       |       |       |       |   601 ||   601
Throw: Stone             |       |       |     2 |       |       ||     2
Invok: Curse Item        |       |       |     1 |     3 |     2 ||     6
       Shatter the Chain |       |       |       |     1 |     1 ||     2
  Use: Scroll            |       |       |    14 |     3 |    10 ||    27
 Stab: Distracted        |       |       |       |       |     1 ||     1
Armor: Scale mail        |   124 |    54 |    81 |       |       ||   259
       Chain mail        |       |       |    71 |       |       ||    71
       Plate armour      |       |       |     1 |   200 |   311 ||   512
Dodge: Dodged            |   102 |    41 |   125 |    96 |   140 ||   504
Block: Buckler           |    32 |    25 |    47 |    83 |   161 ||   348

Table legend: (Time is in decaauts)
 A = Elapsed time spent in this place.
 B = Non-inter-level travel time spent in this place.
 C = Inter-level travel time spent in this place.
 D = Time resting spent in this place.
 E = Time spent auto-exploring this place.
 F = Levels seen in this place.
 G = Mean time per level.
                   A        B        C        D        E       F      G
               +--------+--------+--------+--------+--------+-----+--------+
         Total |  32089 |  30213 |   1876 |   8543 |  14159 |  23 | 1395.2 |
       Dungeon |  17775 |  16775 |   1000 |   4323 |   8291 |  12 | 1481.2 |
        Temple |     85 |     73 |     12 |      0 |     58 |   1 |   85.0 |
          Lair |  12238 |  11387 |    851 |   3472 |   5009 |   6 | 2039.7 |
  Orcish Mines |   1687 |   1674 |     13 |    518 |    801 |   2 |  843.5 |
      Ice Cave |    228 |    228 |      0 |    171 |      0 |   1 |  228.0 |
       Volcano |     74 |     74 |      0 |     59 |      0 |   1 |   74.0 |
               +--------+--------+--------+--------+--------+-----+--------+

Top non-repeatable levels by time:
     D:6: 2523 daAuts
  Lair:1: 2301 daAuts
     D:7: 2244 daAuts
  Lair:4: 2243 daAuts
  Lair:6: 2156 daAuts
     D:9: 2000 daAuts
  Lair:5: 1923 daAuts
     D:1: 1875 daAuts
  Lair:3: 1861 daAuts
     D:3: 1764 daAuts
  Lair:2: 1752 daAuts
     D:4: 1184 daAuts
    D:10: 1152 daAuts
     D:8: 1137 daAuts
   Orc:1: 1064 daAuts
